 Dungeon Crawl Stone Soup version 0.29.1-2-gbd0b4ee654 (webtiles) character file.

Game seed: 6428338004506366058

30 McKennaii the Grasshopper (level 2, -1/24 HPs)
             Began as a Demigod Warper on Nov 8, 2022.
             Slain by an orc
             ... wielding a +0 morningstar
              (2 damage)
             ... on level 3 of the Dungeon.
             The game lasted 00:02:00 (1470 turns).

McKennaii the Grasshopper (Demigod Warper)          Turns: 1470, Time: 00:02:01

Health: -1/24      AC:  6    Str: 12    XL:     2   Next: 84%
Magic:  14/16      EV: 11    Int: 15    God:
Gold:   58         SH:  0    Dex: 13    Spells: 2/4 levels left

rFire   . . .      SeeInvis .   a - +0 spear
rCold   . . .      Faith    .   (no shield)
rNeg    . . .      Spirit   .   b - +0 leather armour
rPois   .          Reflect  .   (no helmet)
rElec   .          Harm     .   l - +2 cloak
rCorr   .          Rampage  .   (no gloves)
Will    .....                   (no boots)
Stlth   +.........              (no amulet)
HPRegen 0.08/turn               i - ring of magical power
MPRegen 0.15/turn               (no ring)

@: very slightly contaminated
A: high MP 1, forlorn, divine attributes
a: no special abilities


You were on level 3 of the Dungeon.
You visited 1 branch of the dungeon, and saw 3 of its levels.

You collected 58 gold pieces.

Inventory:

Hand Weapons
 a - a +0 spear (weapon)
Missiles
 d - 7 boomerangs of dispersal (quivered)
 q - 6 boomerangs
Armour
 b - a +0 leather armour (worn)
 l - a +2 cloak (worn)
Magical Staves
 o - a staff of air
Jewellery
 i - a ring of magical power (left hand)
Scrolls
 c - a scroll of blinking
 e - a scroll of vulnerability {unknown}
 f - 4 scrolls of enchant armour {unknown}
 j - a scroll of immolation {unknown}
 n - a scroll of amnesia {unknown}
 r - a scroll of noise {unknown}
Potions
 g - 2 potions of mutation {unknown}
 h - 2 potions of cancellation {unknown}
 k - 2 potions of curing {unknown}
 m - a potion of brilliance {unknown}
 p - a potion of flight {unknown}


   Skills:
 + Level 2.1 Fighting
 + Level 2.1 Polearms
 - Level 1.0 Throwing
 + Level 1.2 Armour
 + Level 2.0 Dodging
 + Level 1.9 Spellcasting
 + Level 2.9 Translocations


You had 2 spell levels left.
You knew the following spells:

 Your Spells              Type           Power      Damage    Failure   Level
a - Blink                 Tloc           20%        N/A       13%         2

Your spell library contained the following spells:

 Spells                   Type           Power      Damage    Failure   Level
 Gell's Gravitas          Tloc           10%        N/A       26%         3
 Lesser Beckoning         Tloc           10%        N/A       26%         3
 Teleport Other           Tloc           10%        N/A       26%         3
 Passage of Golubria      Tloc           10%        N/A       63%         4
 Inner Flame              Hex/Fire       1%         N/A       65%         3
 Manifold Assault         Tloc           10%        N/A       93%         5
 Cause Fear               Hex            0%         N/A       96%         4
 Silence                  Hex/Air        0%         N/A       100%        5
 Discord                  Hex            0%         N/A       100%        8
 Lehudib's Crystal Spear  Conj/Erth      0%         10d2      100%        8


Dungeon Overview and Level Annotations

Branches:
Dungeon (3/15)


Innate Abilities, Weirdness & Mutations

You have an increased reservoir of magic. (+10% MP)
You shall have no god before yourself.
Your divine heritage dramatically boosts your attributes as you level up.


Message History

The orc shouts!
An orc is nearby!
Found 4 gold pieces.
You see here a +0 short sword.
You hit the orc but do no damage. The orc hits you with a +0 morningstar.
You hit the orc but do no damage. The orc barely misses you.
You completely miss the orc. The orc barely misses you.
You hit the orc but do no damage. The orc hits you with a +0 morningstar!
You hit the orc but do no damage. The orc misses you.
You closely miss the orc. The orc hits you with a +0 morningstar!
* * * LOW HITPOINT WARNING * * *
You are too injured to fight recklessly!
You are too injured to fight recklessly!
You are too injured to fight recklessly!
You are too injured to fight recklessly!
You are too injured to fight recklessly!
You are too injured to fight recklessly!
You are too injured to fight recklessly!
You are too injured to fight recklessly!
You are too injured to fight recklessly!
You are too injured to fight recklessly!
You are too injured to fight recklessly!
You are too injured to fight recklessly!
You are too injured to fight recklessly!
You are too injured to fight recklessly!
You are too injured to fight recklessly!
You are too injured to fight recklessly!
You closely miss the orc. The orc hits you with a +0 morningstar.
* * * LOW HITPOINT WARNING * * *
You hit the orc.
The orc is heavily wounded.
The orc barely misses you.
Sorry, you're not good enough to have a special ability.
You can't go down here!
Casting: Blink (safe; 13% risk of failure)
Confirm with . or Enter, or press ? or * to list all spells.
You miscast Blink.
You are very lightly contaminated with residual magic.
Nothing appears to happen.
The orc hits you with a +0 morningstar.
You die...

#+## #...##
#####.....## ..
..#....>..#
.$..###..........
.................
#o)........
#.@.......#
##.##....## #...#
..## ##.## ##
##...## #.....#
##...##
####.....####
##.#.......#.## #


You could see an orc.

Vanquished Creatures
  4 ball pythons
  4 endoplasms (D:2)
  2 giant cockroaches
  3 goblins (D:1)
  5 hobgoblins
  A quokka (D:1)
  2 bats (D:2)
  2 frilled lizards (D:1)
  2 kobolds
  A rat (D:1)
26 creatures vanquished.

Notes
Turn   | Place    | Note
-------+----------+-------------------------------------------
     0 | D:1      | McKennaii the Demigod Warper began the quest for the Orb.
     0 | D:1      | Reached XP level 1. HP: 17/17 MP: 5/5
    40 | D:1      | Reached skill level 1 in Throwing
    57 | D:1      | Reached skill level 1 in Armour
   376 | D:1      | Reached XP level 2. HP: 24/24 MP: 7/7
   725 | D:2      | Learned a level 2 spell: Blink
  1467 | D:3      | HP: 1/24 [orc/+0 morningstar (4)]
  1470 | D:3      | Slain by an orc

Illustrated notes

Levels and vault maps discovered:
D:1:      amcnicky_arrival_gap_in_the_tavern_cellar, layout_rooms
D:2:      layout_basic, nicolae_ecumenical_pavilion
D:3:      layout_loops_corners, nicolae_figureground_sparkle

Skill      XL: |  1  2 |
---------------+-------+-----
Throwing       | 1 |  1.0
Armour         | 1 |  1.2
Polearms       | 2 |  2.1
Fighting       | 2 |  2.1
Dodging        | 2 |  2.0
Spellcasting   | |  1.9
Translocations | |  2.9

Action                   || total
-------------------------++-------
Melee: Spear             ||   117
Armor: Leather armour    ||    26
Dodge: Dodged            ||    53
